AoeStats
← kewlvary

Arena

503845418Analyzed
2v2 RM · 1mo ago on Sep 2, 2026· 26m 58s· 4 players
Game mode
Random Map
Map size
Medium (4 player)
Population
200
Speed
Normal
Resources
Standard
Victory
Conquest
Starting age
Dark Age
Ending age
Imperial Age
RankedLock teamsTeams togetherTeam positionsShared explorationLock speedFull tech treeHidden civsTurbo modeCheats
Victory
Defeat
🇦🇺 Turks · Australia
921
+13
🇦🇺 Lithuanians · Australia
871
+15
🇫🇷 Sicilians · France
868
-15
🇮🇳 Berbers · India
829
-36
[CH-FR]Frog
kewlvary
6:04 Loom
12:58 Feudal Age
14:34 Man-at-Arms
steelhard8610
10:52 Feudal Age
11:25 Double-Bit Axe
11:23 Horse Collar
12:46 Gold Mining
18:39 Castle Age
20:16 Bow Saw
20:09 Heavy Plow
22:47 Wheelbarrow
27:04 Stone Mining
27:35 Hand Cart
26:47 Light Cavalry
123
6:54 Loom
10:42 Feudal Age
15:47 Castle Age
20:30 Imperial Age
18:22 Double-Bit Axe
25:16 Padded Archer Armor
28:10 Wheelbarrow
Connection lost

Rejoining the realm…

Still unreachable

The connection could not be restored.

Session expired

The server has moved on; the page needs a fresh start.